 Dungeon Crawl Stone Soup version 0.30-a0-585-g93115170b9 (webtiles) character file.

Game seed: 13129976197393359559

450 sokol815 the Sneak (level 7, -4/45 HPs)
             Began as an Octopode Brigand on Jan 3, 2023.
             Was an Initiate of Gozag.
             Slain by Pikel
             ... wielding a +1 whip of electrocution
              (9 damage)
             ... on level 4 of the Dungeon.
             The game lasted 00:08:33 (3617 turns).

sokol815 the Sneak (Octopode Brigand)               Turns: 3617, Time: 00:08:34

Health: -4/45      AC:  1    Str: 10    XL:     7   Next: 4%
Magic:  9/11       EV: 17    Int: 16    God:    Gozag
Gold:   276        SH:  0    Dex: 13    Spells: 7/11 levels left

rFire   . . .      SeeInvis .    o - +2 hand axe (holy)
rCold   . . .      Faith    .    (no shield)
rNeg    . . .      Spirit   .    (helmet restricted)
rPois   .          Reflect  .    (no amulet)
rElec   .          Harm     .    E - +5 ring of evasion
rCorr   .          Rampage  .    (no ring)
Will    .....                    (no ring)
Stlth   ++++                     (no ring)
HPRegen 0.27/turn                (no ring)
MPRegen 0.12/turn                (no ring)
                                 (no ring)
                                 (no ring)

@: gold aura
A: almost no armour, amphibious, 8 rings, camouflage 1, gelatinous body 1,
(nimble swimmer 1), tentacles
a: Renounce Religion, Potion Petition, Call Merchant, Bribe Branch


You were on level 4 of the Dungeon.
You worshipped Gozag.
Gozag was aware of your devotion.
You visited 2 branches of the dungeon, and saw 5 of its levels.

You collected 329 gold pieces.
You paid 53 gold pieces to Gozag.

Inventory:

Hand Weapons
 a - a +0 spectral broad axe
   (You found it on level 4 of the Dungeon)
 d - a +2 dagger of flaming
 o - a +2 hand axe of holy wrath (weapon)
   (You found it on level 2 of the Dungeon)
Missiles
 b - 18 poisoned darts
 c - 3 curare-tipped darts
 e - 5 javelins
 f - 4 throwing nets {!d}
 n - 4 datura-tipped darts
 s - 6 stones
Jewellery
 E - a +5 ring of evasion (left tentacle)
   (You found it on level 3 of the Dungeon)
Scrolls
 O - a scroll of silence
 Y - a scroll of teleportation {@r3}
Potions
 g - a potion of invisibility {unknown}
 M - 2 potions of magic
 P - a potion of lignification {!q}
 U - a potion of mutation {!q}


   Skills:
 - Level 2.0 Fighting
 - Level 3.4 Short Blades
 * Level 3.4 Axes
 - Level 2.0 Throwing
 - Level 1.0 Dodging
 - Level 5.3 Stealth
 + Level 2.7 Spellcasting
 * Level 2.4 Summonings
 * Level 2.5 Air Magic


You had 7 spell levels left.
You knew the following spells:

 Your Spells              Type           Power      Damage    Failure   Level
a - Summon Lightning Spi  Summ/Air       10%        N/A       56%         4

Your spell library contained the following spells:

 Spells                   Type           Power      Damage    Failure   Level
 Airstrike                Air            5%         2d(1-17)  54%         4
 Lightning Bolt           Conj/Air       3%         1d14      97%         5


Dungeon Overview and Level Annotations

Branches:
Dungeon (4/15) Zot: 20391  Temple (1/1) D:4 Zot: 5973

Altars:
Cheibriados
Dithmenos
Fedhas
Gozag
Nemelex Xobeh
Okawaru
Ru
Wu Jian
Xom
Zin

Annotations:
D:3 exclusion: downstairs
D:4 exclusions: black bear and upstairs, Pikel, Sigmund


Innate Abilities, Weirdness & Mutations

You cannot wear most types of armour.
You are amphibious.
You can wear up to eight rings at the same time.
Your skin changes colour to match your surroundings (Stealth+).
Your rubbery body absorbs attacks. (AC +1, EV +1)
((You are camouflaged when in or above water. (Stealth+)))
You have tentacles for arms and can constrict up to eight enemies at once.


Message History

You open the door.
There is an open door here.
You open the door.
There is an open door here.
Found a stone staircase leading up.
No target in view!
Found an escape hatch in the floor.
b - 18 poisoned darts (gained 3)
There is a stone staircase leading up here.
There is an open door here.
There is an open door here.
g - a lumpy coppery potion Sigmund the Dreaded comes into view.
He is wielding a +0 scythe and wearing a +2 robe of positive energy.
You open the door.
There is an open door here.
There is an open door here.
You open the door. 2 lemures come into view.
There is an open door here.
No reachable target in view!
No reachable target in view!
Really wriggle into a travel-excluded area? [Y]es or [N]o only, please.
Really wriggle into a travel-excluded area?
The lemure shouts! x2; You hear a bark!
A hound comes into view.
The lemure attacks as you move away! The lemure misses you.
The lemure attacks as you move away! The lemure hits you.
You take 3 damage, and have 36/39 hp.
The lemure attacks as you move away! The lemure hits you!
The lemure attacks as you move away! The lemure hits you.
You take 10 damage, and have 26/39 hp.
MASSIVE DAMAGE!!
The lemure attacks as you move away! The lemure closely misses you.
The lemure attacks as you move away! The lemure closely misses you.
There is an open door here.
The lemure attacks as you move away! The lemure hits you.
You take 5 damage, and have 21/39 hp.
The lemure attacks as you move away! The lemure hits you but does no damage.
The lemure attacks as you move away! The lemure hits you.
You take 1 damage, and have 21/39 hp.
Your +2 hand axe of holy wrath softly glows with a divine radiance!
o - a +2 hand axe of holy wrath (weapon)
You barely miss the lemure. Your grab misses the lemure.
Your squeeze misses the lemure. The lemure misses you.
You hit the lemure but do no damage. You grab the lemure.
You constrict the lemure. The lemure completely misses you.
You hit the lemure but do no damage.
You squeeze the lemure, but do no damage.
You constrict the lemure. The lemure closely misses you. The lemure hits you.
You take 1 damage, and have 21/39 hp.
You hit the lemure.
The lemure convulses.
You constrict the lemure. The lemure closely misses you.
You barely miss the lemure. You constrict the lemure.
The lemure barely misses you.
You hit the lemure but do no damage.
You squeeze the lemure, but do no damage.
You constrict the lemure. The lemure closely misses you.
You hit the lemure but do no damage.
You constrict the lemure, but do no damage.
The lemure hits you.
You take 3 damage, and have 19/39 hp.
You hit the lemure.
The lemure convulses.
You constrict the lemure.
You kill the lemure!
That felt strangely unrewarding.
You hit the lemure.
The lemure convulses.
Your grab misses the lemure. You squeeze the lemure. The lemure hits you.
You take 3 damage, and have 17/39 hp.
You hit the lemure.
The lemure convulses.
You grab the lemure.
You squeeze the lemure, but do no damage.
You constrict the lemure. The lemure hits you. The lemure hits you!
* * * LOW HITPOINT WARNING * * *
You take 11 damage, and have 6/39 hp.
MASSIVE DAMAGE!!
Okay, then.
Pikel shouts!
You hit the lemure but do no damage. You constrict the lemure.
The lemure hits you.
* * * LOW HITPOINT WARNING * * *
You take 1 damage, and have 5/39 hp.
You barely miss the lemure. You squeeze the lemure. You constrict the lemure.
The lemure barely misses you.
You hit the lemure.
The lemure convulses.
You kill the lemure!
That felt strangely unrewarding.
The hound bites you.
* * * LOW HITPOINT WARNING * * *
You take 2 damage, and have 3/39 hp.
The hound completely misses you.
You hit the hound. You grab the hound. You constrict the hound.
The hound misses you.
You hit the hound. You squeeze the hound! You constrict the hound.
You kill the hound!
You have reached level 7!
You barely miss Pikel. You grab Pikel. You constrict Pikel, but do no damage.
Pikel is distracted by your dazzling golden aura.
You hit Pikel but do no damage.
Pikel is no longer distracted by gold.
You squeeze Pikel. You constrict Pikel.
Pikel hits you with a +1 whip of electrocution!
You die...
Your body crumbles into a pile of gold.

###..##..........# ##...## #
......#.##.#.##### ##.....## #
.###..#........### ##.......###.#
.................###h>.......##..
........#####......'.....$...'...
........#...#....###......K..####
..####._#...#_.#5# ##..?....## #
#.# #..#..$#..#K# ##.....## # #.#
#..#####..#@# ##...## # #.#
#.........#.# ##'## # #.#
##........#.# #.# # #.#
###....))..# #.# #.# ######.###
##.######## #.# #.# ##...#......
#.# #.# #......##### ..#
#.########...#.# ###
#.........#.##.#


You could see Pikel and a lemure.

Vanquished Creatures
  3 lemures (D:4)
  A scorpion (D:4)
  2 hounds
  A gnoll bouda (D:4)
  2 orc priests
  An iguana (D:4)
  7 gnolls (D:4)
  6 adders
  2 worms
  3 dart slugs
  3 orcs
  2 bats
  10 endoplasms
  5 giant cockroaches
  6 goblins
  8 hobgoblins
  7 jackals
  3 kobolds
  3 quokkas
  7 ball pythons
  A frilled lizard (D:3)
  7 rats
90 creatures vanquished.

Vanquished Creatures (others)
  An angel (D:4)
1 creature vanquished.

Grand Total: 91 creatures vanquished

Notes
Turn   | Place    | Note
-------+----------+-------------------------------------------
     0 | D:1      | sokol815 the Octopode Brigand began the quest for the Orb.
     0 | D:1      | Reached XP level 1. HP: 14/14 MP: 1/1
   331 | D:1      | Reached XP level 2. HP: 13/19 MP: 2/2
   679 | D:1      | Reached skill level 3 in Short Blades
   880 | D:2      | Reached skill level 1 in Spellcasting
   880 | D:2      | Reached XP level 3. HP: 14/24 MP: 4/4
  1436 | D:3      | Reached XP level 4. HP: 27/29 MP: 6/6
  1510 | D:3      | Reached skill level 1 in Axes
  1662 | D:3      | Reached skill level 2 in Axes
  1662 | D:3      | Reached skill level 2 in Spellcasting
  1662 | D:3      | Reached XP level 5. HP: 32/34 MP: 6/8
  1677 | D:3      | Learned a level 4 spell: Summon Lightning Spire
  2364 | D:2      | Reached skill level 1 in Air Magic
  2367 | D:2      | Reached skill level 1 in Summonings
  2460 | D:4      | Noticed a black bear
  2549 | D:4      | Found a staircase to the Ecumenical Temple.
  2619 | Temple   | Entered the Ecumenical Temple
  2637 | Temple   | Became a worshipper of Gozag Ym Sagoz the Greedy
  2673 | D:4      | Noticed a lemure
  2673 | D:4      | Noticed a lemure
  2683 | D:4      | Killed a lemure
  2685 | D:4      | Noticed Pikel
  2701 | D:4      | Found a shimmering altar of Xom.
  2701 | D:4      | Noticed an angel
  2702 | D:4      | Found a glowing silver altar of Zin.
  2708 | D:4      | Reached XP level 6. HP: 36/39 MP: 9/9
  2817 | D:4      | Reached skill level 3 in Axes
  2817 | D:4      | Reached skill level 2 in Air Magic
  2961 | D:4      | HP: 6/39 [gnoll/+0 spear[a gnoll bouda] (6)]
  2962 | D:4      | HP: 2/39 [gnoll/+0 spear[a gnoll bouda] (5)]
  2963 | D:4      | Reached skill level 2 in Summonings
  2997 | D:4      | Killed an angel
  3006 | D:4      | HP: 8/39 [gnoll/+0 spear[a gnoll bouda] (5)]
  3521 | D:4      | Noticed Sigmund
  3609 | D:4      | HP: 6/39 [lemure[Pikel] (7)]
  3616 | D:4      | Reached XP level 7. HP: 5/45 MP: 9/11
  3617 | D:4      | Slain by Pikel

Illustrated notes

Levels and vault maps discovered:
D:1:      wheals_arrival_shading, layout_loops_corners
D:2:      layout_rooms
D:3:      layout_loops_ring
D:4:      layout_loops_corners, grunt_temple_overflow_order_and_chaos_1,
          minmay_temple_entry_proselytizer, uniq_pikel, uniq_sigmund
Temple:   nicolae_temple_bog_church

Skill      XL: |  1  2  3  4  5  6 |
---------------+-------------------+-----
Short Blades   | 3 |  3.4
Spellcasting   | 1 2 |  2.7
Axes           | 2 3 |  3.4
Air Magic      | 1 2 |  2.5
Summonings     | 1 2 |  2.4
Fighting       | |  2.0
Throwing       | |  2.0
Dodging        | |  1.0
Stealth        | |  5.3

Action                   |  1- 3 |  4- 6 |  7- 9 || total
-------------------------+-------+-------+-------++-------
Melee: Dagger            |    59 |       |       ||    59
       Tentacles         |    14 |    34 |     1 ||    49
       Constrict         |     7 |    28 |     1 ||    36
       Hand axe          |     6 |   118 |     2 ||   126
       Broad axe         |       |     7 |       ||     7
       Punch             |       |     1 |       ||     1
Throw: Javelin           |     2 |       |       ||     2
  Use: Scroll            |       |    13 |       ||    13
       Potion            |       |     1 |       ||     1
 Stab: Sleeping          |    15 |    11 |       ||    26
       Distracted        |       |     1 |       ||     1
Armor: Skin              |     2 |     3 |       ||     5
Dodge: Dodged            |    35 |   106 |       ||   141

Table legend: (Time is in decaauts)
 A = Elapsed time spent in this place.
 B = Non-inter-level travel time spent in this place.
 C = Inter-level travel time spent in this place.
 D = Time resting spent in this place.
 E = Time spent auto-exploring this place.
 F = Levels seen in this place.
 G = Mean time per level.
                   A        B        C        D        E       F      G
               +--------+--------+--------+--------+--------+-----+--------+
         Total |   3634 |   3453 |    181 |    279 |   2465 |   5 |  726.8 |
       Dungeon |   3607 |   3445 |    162 |    279 |   2461 |   4 |  901.8 |
        Temple |     26 |      7 |     19 |      0 |      4 |   1 |   26.0 |
               +--------+--------+--------+--------+--------+-----+--------+

Top non-repeatable levels by time:
     D:4: 1115 daAuts
     D:3: 936 daAuts
     D:1: 870 daAuts
     D:2: 684 daAuts
  Temple: 26 daAuts

Table legend:
 A = Kills in this place as a percentage of kills in entire the game.
 B = Kills by you in this place as a percentage of kills by you in the entire game.
 C = Kills by friends in this place as a percentage of kills by friends in the entire game.
 D = Other kills in this place as a percentage of other kills in the entire game.
 E = Experience gained in this place as a percentage of experience gained in the entire game.
 F = Experience gained in this place divided by the number of levels of this place that you have seen.
                   A       B       C       D       E      F
               +-------+-------+-------+-------+-------+----------------------
         Total | 100.0 | 100.0 |   N/A |   N/A | 100.0 | 128.8
       Dungeon | 100.0 | 100.0 |   N/A |   N/A | 100.0 | 161.0
               +-------+-------+-------+-------+-------+----------------------
